 Dungeon Crawl Stone Soup version 0.30-a0-857-gcaf70739d4 (webtiles) character file.

Game seed: 15616904142218895758

6041 Firecrotchwizard the Cleaver (level 10, -2/139 HPs)
             Began as a Hill Orc Reaver on Mar 6, 2023.
             Was a Follower of Makhleb.
             Slain by a killer bee (4 damage)
             ... on level 9 of the Dungeon.
             The game lasted 00:15:58 (8324 turns).

Firecrotchwizard the Cleaver (Hill Orc Reaver)      Turns: 8324, Time: 00:15:58

Health: -2/139     AC: 25    Str: 20    XL:     10   Next: 86%
Magic:  14/14      EV:  2    Int: 13    God:    Makhleb [*.....]
Gold:   537        SH:  9    Dex:  9    Spells: 11/12 levels left

rFire   + . .      SeeInvis .    g - +1 war axe (flame)
rCold   + . .      Faith    .    K - +0 kite shield
rNeg    . . .      Spirit   .    A - melded +0 scale mail
rPois   +          Reflect  .    c - melded +2 helmet
rElec   +          Rampage  .    H - melded +2 cloak
rCorr   +          NoTele   +    (gloves currently unavailable)
Will    .....                    m - melded +0 pair of boots
Stlth   +                        h - amulet of regeneration
HPRegen 1.23/turn                X - ring of resist corrosion
MPRegen 0.14/turn                (no ring)

@: mighty, brilliant, tree-form, resistant, attractive
A: stationary, stasis, torment immunity, boosted hp, (poison resistance),
devolution 1
a: Renounce Religion


You were on level 9 of the Dungeon.
You worshipped Makhleb.
Makhleb was aware of your devotion.
You were a tree.
You visited 2 branches of the dungeon, and saw 10 of its levels.

You collected 537 gold pieces.

Inventory:

Hand Weapons
 a - a +0 hand axe of flaming
 g - a +1 war axe of flaming (weapon)
   (You found it on level 5 of the Dungeon)
Missiles
 o - 9 curare-tipped darts
 s - 187 stones (quivered)
 G - 3 boomerangs
 L - 2 throwing nets {!d}
Armour
 b - a +0 leather armour
 c - a +2 helmet (melded)
   (You found it on level 1 of the Dungeon)
 d - a +0 helmet
   (You found it on level 1 of the Dungeon)
 f - a +0 ring mail
   (You found it on level 1 of the Dungeon)
 m - a +0 pair of boots (melded)
   (You found it on level 2 of the Dungeon)
 y - a +0 buckler
   (You found it on level 1 of the Dungeon)
 A - a +0 scale mail (melded)
   (You found it on level 5 of the Dungeon)
 H - a +2 cloak (melded)
   (You found it on level 1 of the Dungeon)
 K - a +0 kite shield (worn)
   (You found it on level 7 of the Dungeon)
Magical Staves
 D - a staff of cold {rC+}
   (You found it on level 6 of the Dungeon)
Jewellery
 h - an amulet of regeneration (around neck)
   (You found it on level 3 of the Dungeon)
 X - a ring of resist corrosion (left branch)
   (You found it on level 7 of the Dungeon)
Wands
 e - a wand of charming (16)
   (You found it on level 6 of the Dungeon)
 i - a wand of iceblast (3)
   (You found it on level 4 of the Dungeon)
 w - a wand of light (9)
   (You found it on level 5 of the Dungeon)
Scrolls
 j - a scroll of teleportation {unknown}
 r - 5 scrolls of identify {unknown}
 u - a scroll of fog
 v - 4 scrolls of amnesia {unknown}
 x - a scroll of immolation {unknown}
 z - a scroll of butterflies {unknown}
 E - a scroll of fear
 J - 2 scrolls of enchant armour
 N - a scroll of brand weapon
Potions
 l - a potion of heal wounds {unknown}
 n - a potion of degeneration {unknown}
 t - a potion of flight {unknown}
 B - a potion of brilliance
 C - a potion of attraction {!q}
 F - a potion of curing {unknown}
 I - 2 potions of invisibility
 M - a potion of might
 P - a potion of lignification {!q}
 R - 2 potions of resistance
 U - a potion of mutation {!q}


   Skills:
 + Level 9.8 Fighting
 * Level 14.9 Axes
 - Level 1.5 Dodging
 + Level 7.3 Shields
 - Level 1.5 Spellcasting
 - Level 3.0 Conjurations
 + Level 5.6 Invocations


You had 11 spell levels left.
You knew the following spells:

 Your Spells              Type           Power      Damage    Failure   Level
a - Kiss of Death         Conj/Necr      28%        2d7       36%         1

Your spell library contained the following spells:

 Spells                   Type           Power      Damage    Failure   Level
 Magic Dart               Conj           52%        1d5       21%         1
 Foxfire                  Conj/Fire      28%        2x1d5     36%         1
 Momentum Strike          Conj/Tloc      14%        3d8       50%         2
 Call Imp                 Summ           1%         N/A       71%         2
 Cigotuvi's Dreadful Rot  Necr/Pois/Air  2%         N/A       71%         2
 Ensorcelled Hibernation  Hex/Ice        2%         N/A       71%         2
 Passwall                 Tmut/Erth      0%         N/A       71%         2
 Hailstorm                Conj/Ice       7%         3d4       73%         3
 Mephitic Cloud           Conj/Pois/Air  5%         N/A       80%         3
 Swiftness                Air            1%         N/A       90%         3
 Dispel Undead            Necr           1%         3d6       100%        4
 Fireball                 Conj/Fire      3%         3d4       100%        5
 Death Channel            Necr           0%         N/A       100%        6
 Starburst                Conj/Fire      3%         6d3       100%        6
 Malign Gateway           Summ/Tloc      0%         N/A       100%        7
 Summon Horrible Things   Summ           0%         N/A       100%        8


Dungeon Overview and Level Annotations

Branches:
Dungeon (9/15)             Temple (1/1) D:7            Lair (0/5) D:8
    Orc: D:9-12

Altars:
Ashenzari
Cheibriados
Dithmenos
Elyvilon
Fedhas
Gozag
Hepliaklqana
Kikubaaqudgha
Makhleb
Nemelex Xobeh
Okawaru
Qazlal
Ru
Sif Muna
Trog
Uskayaw
Vehumet
Wu Jian
Xom
Yredelemnul
The Shining One

Annotations:
D:3 Sigmund


Innate Abilities, Weirdness & Mutations

You are a tree.
Your roots penetrate the ground, keeping you stationary.
You cannot be teleported.
You are immune to unholy pain and torment.
Your maximum health is greatly increased.
Your equipment is partially melded.
((Your system is resistant to poisons. (rPois)))
You have hidden genetic defects.


Message History

The killer bee stings you but does no damage.
The killer bee closely misses you.
You take 1 damage, and have 19/93 hp.
It was a potion of attraction.
You feel attractive to monsters.
You feel sick.
The killer bee stings you but does no damage.
You block the killer bee's attack. x2; The killer bee barely misses you.
The killer bee stings you but does no damage.
The killer bee barely misses you.
It was a potion of mutation.
You feel extremely strange.
You feel a hidden malignance growing inside you.
You feel resistant to poisons.
U - a potion of mutation You feel sick.
You block the killer bee's attack. The killer bee stings you.
* * * LOW HITPOINT WARNING * * *
You block the killer bee's attack. The killer bee barely misses you.
The killer bee stings you but does no damage.
The killer bee stings you.
* * * LOW HITPOINT WARNING * * *
You take 3 damage, and have 17/93 hp.
It was a potion of resistance.
You feel protected.
R - 2 potions of resistance You feel sick.
You block the killer bee's attack.
The killer bee stings you but does no damage.
You block the killer bee's attack. The killer bee closely misses you.
You block the killer bee's attack. The killer bee closely misses you.
It was a potion of lignification.
You turn into a tree.
Your +2 cloak melds into your body.
Your +2 helmet melds into your body.
Your +0 pair of boots melds into your body.
Your +0 scale mail melds into your body.
Your roots penetrate the ground.
P - a potion of lignification You feel sick.
The killer bee stings you but does no damage. x5
You block the killer bee's attack.
You now have 26/139 hp.
It was a potion of brilliance.
You feel clever all of a sudden.
B - a potion of brilliance;
g - a +1 war axe of flaming (weapon)
You feel sick.
The killer bee stings you but does no damage.
You block the killer bee's attack. The killer bee barely misses you.
A killer bee comes into view.
The killer bee stings you but does no damage. x3
The killer bee is attracted toward you.
It was a potion of might.
You feel very mighty all of a sudden.
M - a potion of might;
r - 5 scrolls labelled TOQINA PEOMEAD You feel sick.
You are no longer poisoned.
The killer bee buzzes angrily.
The killer bee stings you.
* * * LOW HITPOINT WARNING * * *
The killer bee stings you but does no damage. x2
You block the killer bee's attack. x2
The killer bee stings you but does no damage.
You take 3 damage, and have 23/139 hp.
Okay, then.
You slash the killer bee! You burn the killer bee.
You kill the killer bee!
Makhleb accepts your kill.
You feel better.
You miss the killer bee. You barely miss the killer bee.
The killer bee stings you.
* * * LOW HITPOINT WARNING * * *
You block the killer bee's attack. The killer bee stings you.
* * * LOW HITPOINT WARNING * * *
You block the killer bee's attack. The killer bee stings you.
* * * LOW HITPOINT WARNING * * *
You take 5 damage, and have 18/139 hp.
You barely miss the killer bee. You slash the killer bee!
You burn the killer bee. You hit the killer bee. You burn the killer bee.
The killer bee stings you.
* * * LOW HITPOINT WARNING * * *
The killer bee stings you but does no damage.
The killer bee stings you.
* * * LOW HITPOINT WARNING * * *
The killer bee stings you.
* * * LOW HITPOINT WARNING * * *
You block the killer bee's attack.
The killer bee stings you but does no damage.
You take 13 damage, and have 5/139 hp.
You slash the killer bee! You burn the killer bee.
You kill the killer bee!
Makhleb accepts your kill.
You barely miss the killer bee. You slash the killer bee!
You burn the killer bee.
You kill the killer bee!
Makhleb accepts your kill.
The killer bee stings you but does no damage. x2
You block the killer bee's attack.
You barely miss the killer bee. You slash the killer bee!
You burn the killer bee. You miss the killer bee.
The killer bee stings you but does no damage.
You block the killer bee's attack. The killer bee stings you.
* * * LOW HITPOINT WARNING * * *
The killer bee stings you but does no damage.
The killer bee stings you.
You die...

.# #....#.. .# .....
#....#.. #....
#....#.. #....
#....#.. #....
#....#.. #....
#....#.. #....
#....#.#
#...y##########......#
#..yy♣........#......#
#...y#........#......#
#....#........#......#
#....#^.......#......#
#....#........#...††.#
#....#........#...†<†#
#....#........#......#
#....#........########
#........#.......


You could see 4 killer bees.

Vanquished Creatures
  A slime creature (D:7)
  A vampire (D:9)
  21 yaks
  A wyvern (D:8)
  2 steam dragons
  2 water moccasins
  2 orc warriors
  An ice beast (D:6)
  A sky beast (D:7)
  A centaur (D:7)
  A phantom (D:6)
  2 bullfrogs
  2 scorpions (D:5)
  10 killer bees
  2 howler monkeys
  2 jellies
  3 hounds
  An orc priest (D:8)
  A gnoll bouda (D:8)
  2 iguanas
  Jessica (D:2)
  9 orc wizards
  2 sleepcaps
  Natasha (D:3)
  4 gnolls (D:8)
  6 adders
  4 white imps
  An ufetubus (D:6)
  2 worms
  4 dart slugs
  24 orcs
  11 ball pythons
  4 endoplasms
  2 giant cockroaches (D:2)
  14 hobgoblins
  8 jackals
  6 quokkas
  5 bats
  5 frilled lizards
  17 goblins
  7 kobolds
  4 rats
200 creatures vanquished.

Vanquished Creatures (others)
  3 demonic plants (D:3)
  A plant (D:3)
  3 withered plants (D:3)
7 creatures vanquished.

Grand Total: 207 creatures vanquished

Notes
Turn   | Place    | Note
-------+----------+-------------------------------------------
     0 | D:1      | Firecrotchwizard the Hill Orc Reaver began the quest for
                  | the Orb.
     0 | D:1      | Reached XP level 1. HP: 18/18 MP: 3/3
   307 | D:1      | Reached XP level 2. HP: 15/25 MP: 4/4
   608 | D:1      | Reached skill level 3 in Fighting
   620 | D:1      | Reached skill level 5 in Axes
   699 | D:1      | Reached XP level 3. HP: 29/31 MP: 5/5
  1509 | D:2      | Noticed Jessica
  1515 | D:2      | Killed Jessica
  1516 | D:2      | Reached skill level 6 in Axes
  1516 | D:2      | Reached XP level 4. HP: 39/39 MP: 6/6
  2043 | D:3      | Noticed Sigmund
  2192 | D:3      | Found a faded altar of an unknown god.
  2669 | D:3      | Noticed Natasha
  2678 | D:3      | Killed Natasha
  2679 | D:3      | Reached skill level 4 in Fighting
  2679 | D:3      | Reached XP level 5. HP: 46/46 MP: 7/7
  2881 | D:4      | Reached skill level 7 in Axes
  2961 | D:4      | Reached XP level 6. HP: 48/53 MP: 8/8
  3921 | D:4      | Reached skill level 8 in Axes
  4136 | D:5      | Entered Level 5 of the Dungeon
  4150 | D:5      | Reached skill level 5 in Fighting
  4250 | D:5      | Reached XP level 7. HP: 61/61 MP: 9/9
  4563 | D:5      | Reached skill level 1 in Shields
  4664 | D:5      | Reached skill level 9 in Axes
  4876 | D:5      | Reached skill level 6 in Fighting
  4876 | D:5      | Reached skill level 2 in Shields
  5192 | D:6      | Reached XP level 8. HP: 50/70 MP: 10/10
  5319 | D:6      | Reached skill level 10 in Axes
  5951 | D:6      | Reached skill level 3 in Shields
  6182 | D:7      | Reached skill level 7 in Fighting
  6182 | D:7      | Reached skill level 11 in Axes
  6270 | D:7      | Reached skill level 4 in Shields
  6366 | D:7      | Noticed a yak
  6388 | D:7      | Killed a yak
  6389 | D:7      | Reached XP level 9. HP: 73/79 MP: 11/11
  6400 | D:7      | Found a staircase to the Ecumenical Temple.
  6455 | D:7      | Reached skill level 12 in Axes
  6466 | D:7      | Reached skill level 8 in Fighting
  6466 | D:7      | Reached skill level 5 in Shields
  6709 | Temple   | Entered the Ecumenical Temple
  6942 | Temple   | Became a worshipper of Makhleb the Destroyer
  7043 | D:8      | Reached skill level 1 in Invocations
  7132 | D:8      | Reached skill level 13 in Axes
  7184 | D:8      | Found a staircase to the Lair.
  7194 | D:8      | Reached skill level 2 in Invocations
  7463 | D:8      | Reached skill level 6 in Shields
  7576 | D:8      | Reached XP level 10. HP: 88/90 MP: 12/12
  7578 | D:8      | Reached skill level 3 in Invocations
  7584 | D:8      | Reached skill level 9 in Fighting
  7645 | D:8      | Found an iron altar of Okawaru.
  7648 | D:8      | Reached * piety under Makhleb
  7649 | D:8      | Reached skill level 14 in Axes
  8027 | D:9      | Reached skill level 4 in Invocations
  8201 | D:9      | Reached skill level 7 in Shields
  8202 | D:9      | Reached skill level 5 in Invocations
  8313 | D:9      | HP: 20/93 [killer bee (7)]
  8316 | D:9      | Gained mutation: You have hidden genetic defects. [potion
                  | of mutation]
  8316 | D:9      | Gained mutation: Your system is resistant to poisons.
                  | (rPois) [potion of mutation]
  8318 | D:9      | HP: 26/139 [poisoned by a killer bee]
  8322 | D:9      | HP: 11/139 [killer bee (4)]
  8322 | D:9      | HP: 5/139 [killer bee (6)]
  8324 | D:9      | HP: 2/139 [killer bee (6)]
  8324 | D:9      | Slain by a killer bee

Illustrated notes

Levels and vault maps discovered:
D:1:      minmay_arrival_shattered_statue, layout_basic, minmay_pentomino_w4
D:2:      layout_loops_cross, uniq_jessica
D:3:      layout_loops_corners, shapermc_ecumenical_altar_gd, uniq_sigmund,
          uniq_natasha
D:4:      cheibrodos_greedy_goblins, layout_layer_cave, reono_crystal_passage,
          eino_tiny_chamber, minmay_distorted
D:5:      layout_rooms
D:6:      layout_basic, grunt_ministairs_7, hangedman_decor_points,
          due_unseen_surprise
D:7:      layout_rooms, minmay_temple_entry_statues_pillars, st_stairs_14,
          minmay_microvault
D:8:      layout_basic, okawaru_gym_becter, lair_entry_dummy
D:9:      layout_grid_maze, uniq_pikel
Temple:   nicolae_temple_slightly_damp_pantheon

Skill      XL: |  1  2  3  4  5  6  7  8  9 10 |
---------------+-------------------------------+-----
Fighting       | 3 4 5 6 7 8 9 |  9.8
Axes           | 5 6 7 8 9 11 13 14 | 14.9
Shields        | 2 4 6 7 |  7.3
Invocations    | 2 5 |  5.6
Dodging        | |  1.5
Spellcasting   | |  1.5
Conjurations   | |  3.0

Action                     |  1- 3 |  4- 6 |  7- 9 | 10-12 || total
---------------------------+-------+-------+-------+-------++-------
  Melee: Hand axe          |   117 |   175 |    47 |       ||   339
         Punch             |     2 |     5 |       |       ||     7
         War axe           |       |       |   235 |   114 ||   349
    Use: Scroll            |       |     6 |     1 |       ||     7
         Potion            |       |       |       |     6 ||     6
 Armour: Leather armour    |    18 |       |       |       ||    18
         Ring mail         |    31 |    84 |    17 |       ||   132
         Scale mail        |       |       |   130 |    65 ||   195
         Skin              |       |       |       |    18 ||    18
  Dodge: Dodged            |    59 |   100 |    91 |    38 ||   288
  Block: Buckler           |       |       |    23 |       ||    23
         Kite shield       |       |       |    31 |    62 ||    93

Table legend: (Time is in decaauts)
 A = Elapsed time spent in this place.
 B = Non-inter-level travel time spent in this place.
 C = Inter-level travel time spent in this place.
 D = Time resting spent in this place.
 E = Time spent auto-exploring this place.
 F = Levels seen in this place.
 G = Mean time per level.
                   A        B        C        D        E       F      G
               +--------+--------+--------+--------+--------+-----+--------+
         Total |   8329 |   7737 |    592 |    189 |   6022 |  10 |  832.9 |
       Dungeon |   8076 |   7521 |    555 |    189 |   5827 |   9 |  897.3 |
        Temple |    252 |    216 |     36 |      0 |    195 |   1 |  252.0 |
               +--------+--------+--------+--------+--------+-----+--------+

Top non-repeatable levels by time:
     D:1: 1385 daAuts
     D:4: 1383 daAuts
     D:6: 1152 daAuts
     D:8: 1084 daAuts
     D:2: 840 daAuts
     D:3: 757 daAuts
     D:5: 647 daAuts
     D:7: 576 daAuts
  Temple: 252 daAuts
     D:9: 248 daAuts

Table legend:
 A = Kills in this place as a percentage of kills in the entire game.
 B = Kills by you in this place as a percentage of kills by you in the entire game.
 C = Kills by friends in this place as a percentage of kills by friends in the entire game.
 D = Other kills in this place as a percentage of other kills in the entire game.
 E = Experience gained in this place as a percentage of experience gained in the entire game.
 F = Experience gained in this place divided by the number of levels of this place that you have seen.
                   A       B       C       D       E      F
               +-------+-------+-------+-------+-------+----------------------
         Total | 100.0 | 100.0 |   N/A |   N/A | 100.0 | 863.0
       Dungeon | 100.0 | 100.0 |   N/A |   N/A | 100.0 | 958.9
               +-------+-------+-------+-------+-------+----------------------
